 Dungeon Crawl Stone Soup version 0.22.1-1-ga44c0e56f4 (webtiles) character file.

901 OdinFK the Stinger (level 8, -1/55 HPs)
             Began as a Formicid Venom Mage on Oct 8, 2018.
             Was a Follower of Vehumet.
             Slain by Prince Ribbit (9 damage)
             ... on level 6 of the Dungeon.
             The game lasted 00:20:19 (4989 turns).

OdinFK the Stinger (Formicid Venom Mage)            Turns: 4989, Time: 00:20:20

Health: -1/55      AC:  3    Str: 14    XL:     8   Next: 28%
Magic:  7/14       EV: 12    Int: 19    God:    Vehumet [*.....]
Gold:   286        SH:  0    Dex: 11    Spells: 6/15 levels left

rFire    . . .     SeeInvis +   p - +1 flail (drain)
rCold    . . .     Gourm    .   (no shield)
rNeg     . . .     Faith    .   a - +0 robe
rPois    .         Spirit   .   (helmet unavailable)
rElec    .         Reflect  .   (no cloak)
rCorr    .         Harm     .   b - +0 pair of gloves
MR       .....                  (no boots)
Stlth    ++........             e - amulet of magic regeneration
HPRegen  0.18/turn              f - +3 ring of intelligence
MPRegen  0.39/turn              (no ring)

@: no status effects
A: permanent stasis, dig shafts and tunnels, four strong arms, antennae 3
a: Dig, Shaft Self, Renounce Religion


You were on level 6 of the Dungeon.
You worshipped Vehumet.
Vehumet was aware of your devotion.
You were not hungry.

You visited 2 branches of the dungeon, and saw 7 of its levels.

You collected 286 gold pieces.

Inventory:

Hand Weapons
 p - a +1 flail of draining (weapon)
Armour
 a - a +0 robe (worn)
 b - a +0 pair of gloves (worn)
Jewellery
 e - an amulet of magic regeneration (around neck)
 f - a +3 ring of intelligence (left hand)
Wands
 k - a wand of polymorph (11)
 q - a wand of digging (11)
Scrolls
 j - a scroll of amnesia {unknown}
 l - 4 scrolls of remove curse {unknown}
 n - a scroll of identify
 o - a scroll of summoning {unknown}
 r - a scroll of enchant weapon {unknown}
 t - a scroll of teleportation {unknown}
 w - a scroll of torment {unknown}
Potions
 d - a potion of resistance
 g - 2 potions of curing {unknown}
 h - a potion of heal wounds
 i - a potion of magic {unknown}
 m - a potion of ambrosia {unknown}
 s - a potion of brilliance {unknown}
 u - a potion of lignification {unknown}
 v - a potion of mutation {unknown}
Comestibles
 c - 12 rations


   Skills:
 + Level 1.6 Fighting
 + Level 2.6 Maces & Flails
 + Level 2.3 Dodging
 + Level 2.9 Stealth
 + Level 4.4 Spellcasting
 * Level 3.3 Conjurations
 + Level 2.6 Air Magic
 + Level 7.1 Poison Magic
 + Level 0.1 Evocations


You had 6 spell levels left.
You knew the following spells:

 Your Spells              Type           Power        Failure   Level  Hunger
a - Sting                 Conj/Pois      ###.         1%          1    None
b - Poisonous Vapours     Pois/Air       ###...       2%          2    #......
c - Venom Bolt            Conj/Pois      ###.......   38%         5    ######.
d - Sandblast             Erth           #.....       13%         1    None

Your spell library contained the following spells:

 Spells                   Type           Power        Failure   Level  Hunger
 Mephitic Cloud           Conj/Pois/Air  ###.....     7%          3    ###....
 Olgreb's Toxic Radiance  Pois           ####....     7%          4    ####...


Dungeon Overview and Level Annotations

Branches:
Dungeon (6/15)             Temple (1/1) D:4

Altars:
Ashenzari
Cheibriados
Dithmenos
Elyvilon
Fedhas
Gozag
Hepliaklqana
Kikubaaqudgha
Nemelex Xobeh
Okawaru
Qazlal
Ru
Sif Muna
Trog
Uskayaw
Vehumet
Wu Jian
Xom
Yredelemnul
Zin
The Shining One

Shops:
D:6 *

Annotations:
D:6 Prince Ribbit


Innate Abilities, Weirdness & Mutations

You cannot be hasted, slowed, berserked, paralysed or teleported.
You can dig through walls and to a lower floor.
Your four strong arms can wield two-handed weapons with a shield.
You have a pair of large antennae on your head. (SInv)


Message History

Aiming: Poisonous Vapours (safe; 2% risk of failure)
Press: ? - help, Dir - move target cursor, f/p - Prince Ribbit
Aim: Prince Ribbit (heavily wounded, poisoned) Poisonous vapours surround Prince Ribbit!
Prince Ribbit is engulfed in poison gas.
Prince Ribbit looks as sick as possible!
Prince Ribbit hits you!
* * * LOW HITPOINT WARNING * * *
Prince Ribbit barely misses you.
Prince Ribbit mumbles some strange words.
Prince Ribbit looks slightly unstable.
Casting: Poisonous Vapours (safe; 2% risk of failure)
Confirm with . or Enter, or press ? or * to list all spells.
Aiming: Poisonous Vapours (safe; 2% risk of failure)
Press: ? - help, Dir - move target cursor, f/p - Prince Ribbit
Aim: Prince Ribbit (almost dead, poisoned) Poisonous vapours surround Prince Ribbit!
Prince Ribbit looks as sick as possible!
Prince Ribbit hits you!
You die...

#........ #........
##..............
#......#.#......
#..#....∩.......
#..#...#.#......
##.###...)........
##..# #....).......
#..@# #............
#..F#####...........
##.......#..........
#..#................
##)#####.............
#.## #####.........
### #......(..
##........ ##........


You could see Prince Ribbit.

Vanquished Creatures
  Sigmund (D:6)
  3 ogres
  A scorpion (D:3)
  A howler monkey (D:4)
  A crimson imp (D:5)
  A hound (D:6)
  A bullfrog skeleton (D:6)
  2 worker ants (D:4)
  Natasha (D:2)
  A hound skeleton (D:5)
  A worker ant zombie (D:5)
  2 adders (D:4)
  8 gnolls (D:6)
  A shadow imp (D:5)
  2 worms
  A dart slug (D:1)
  5 leopard geckos
  6 orcs
  7 giant cockroaches
  11 goblins
  11 hobgoblins
  6 jackals (D:4)
  3 kobolds
  A quokka (D:6)
  A ball python (D:1)
  14 bats
  6 frilled lizards
  2 leopard gecko skeletons
  9 rats
110 creatures vanquished.

Notes
Turn   | Place    | Note
-------+----------+-------------------------------------------
     0 | D:1      | OdinFK the Formicid Venom Mage began the quest for the Orb.
     0 | D:1      | Reached XP level 1. HP: 13/13 MP: 3/3
   172 | D:1      | Reached XP level 2. HP: 8/19 MP: 1/5
   263 | D:1      | Learned a level 2 spell: Poisonous Vapours
   690 | D:1      | Reached skill level 1 in Conjurations
   690 | D:1      | Reached XP level 3. HP: 24/24 MP: 3/6
  1651 | D:2      | Noticed Natasha
  1653 | D:2      | Killed Natasha
  1653 | D:2      | Reached skill level 5 in Poison Magic
  1653 | D:2      | Reached XP level 4. HP: 26/30 MP: 1/7
  2176 | D:3      | Reached skill level 1 in Air Magic
  2406 | D:3      | Reached XP level 5. HP: 35/35 MP: 7/9
  2413 | D:3      | Learned a level 5 spell: Venom Bolt
  2415 | D:3      | Found a hazy altar of Hepliaklqana.
  2893 | D:3      | Found an iron altar of Okawaru.
  2904 | D:3      | Found an opulent altar of Gozag.
  3211 | D:4      | Reached XP level 6. HP: 28/41 MP: 3/10
  3218 | D:4      | Found a staircase to the Ecumenical Temple.
  3233 | Temple   | Entered the Ecumenical Temple
  3239 | Temple   | Became a worshipper of Vehumet
  3366 | D:4      | Noticed an ogre
  3370 | D:4      | Killed an ogre
  3370 | D:4      | Reached skill level 6 in Poison Magic
  3394 | D:4      | Found an ancient bone altar of Kikubaaqudgha.
  3478 | D:4      | Noticed a phantom
  3845 | D:4      | Reached XP level 7. HP: 47/47 MP: 10/12
  3895 | D:5      | Entered Level 5 of the Dungeon
  4360 | D:5      | Reached skill level 1 in Maces & Flails
  4372 | D:5      | Found an ornate altar of the Wu Jian Council.
  4549 | D:6      | Noticed Sigmund
  4554 | D:6      | Killed Sigmund
  4554 | D:6      | Reached skill level 1 in Fighting
  4706 | D:6      | Reached * piety under Vehumet
  4706 | D:6      | Offered knowledge of Sandblast by Vehumet.
  4711 | D:6      | Learned a level 1 spell: Sandblast
  4787 | D:6      | Reached XP level 8. HP: 30/54 MP: 14/14
  4928 | D:6      | Found Gaarrij's Assorted Antiques.
  4938 | D:6      | Noticed Prince Ribbit
  4943 | D:6      | Reached skill level 7 in Poison Magic
  4989 | D:6      | Slain by Prince Ribbit

Skill      XL: |  1  2  3  4  5  6  7  8 |
---------------+-------------------------+-----
Dodging        | 2 |  2.3
Conjurations   | 1 2 3 |  3.3
Poison Magic   | 5 6 7 |  7.1
Air Magic      | 1 2 |  2.6
Spellcasting   | 3 4 |  4.4
Maces & Flails | 2 |  2.6
Fighting       | 1 |  1.6
Stealth        | |  2.9
Evocations     | |  0.1

Action                   |  1- 3 |  4- 6 |  7- 9 || total
-------------------------+-------+-------+-------++-------
Melee: Unarmed           |    14 |       |       ||    14
       Club              |     6 |    12 |       ||    18
       Flail             |       |     4 |    53 ||    57
 Cast: Sting             |    16 |       |       ||    16
       Poisonous Vapours |    34 |    69 |    41 ||   144
Evoke: Wand              |       |     2 |     2 ||     4
  Use: Scroll            |     1 |     2 |       ||     3
 Stab: Sleeping          |       |     2 |     1 ||     3
  Eat: Chunk             |     5 |     6 |     5 ||    16
       Ration            |       |     1 |       ||     1
Armor: Robe              |    26 |     4 |    10 ||    40
Dodge: Dodged            |    44 |    18 |    40 ||   102
